 Dungeon Crawl Stone Soup version 0.32-a0-128-g77eb882913 (webtiles) character file.

Game seed: 5610153354647872466

146 Ambrosia the Ruffian (level 5, -4/41 HPs)
             Began as a Human Berserker on Feb 7, 2024.
             Was a Priest of Trog.
             Succumbed to a gnoll's poison
             ... on level 3 of the Dungeon.
             The game lasted 00:02:54 (2130 turns).

Ambrosia the Ruffian (Human Berserker)              Turns: 2130, Time: 00:02:54

Health: -4/41      AC:  3    Str: 19    XL:     5   Next: 28%
Magic:  2/5        EV: 13    Int:  7    God:    Trog [***...]
Gold:   48         SH:  0    Dex: 13    Spells: 4/4 levels left

rFire   . .          .
                       - Unarmed
rCold   . . .        (no shield)
rNeg    . . .        a - +1 animal skin
rPois   .            (no helmet)
rElec   .            (no cloak)
rCorr   .            (no gloves)
SInv    .            (no boots)
Will    .....        e - amulet of guardian spirit
Stlth   ++           (no ring)
HPRegen 0.26/turn    (no ring)
MPRegen 0.09/turn

%: guardian spirit
@: lethally poisoned (-4 -> -19), on berserk cooldown, attractive, slowed, very
slow
A: explore regen
a: Renounce Religion, Berserk, Trog's Hand


You were on level 3 of the Dungeon.
You worshipped Trog.
Trog was most pleased with you.
You visited 1 branch of the dungeon, and saw 3 of its levels.

You collected 48 gold pieces.

Inventory:

Armour
 a - a +1 animal skin (worn)
Jewellery
 e - an amulet of guardian spirit (around neck)
   (You found it on level 2 of the Dungeon)
Scrolls
 c - a scroll of revelation
Potions
 b - 2 potions of curing {unknown}
 f - a potion of might {unknown}


   Skills:
 + Level 3.5 Fighting
 + Level 2.7 Armour
 * Level 3.5 Dodging
 + Level 1.8 Stealth
 + Level 3.6 Unarmed Combat


You had 4 spell levels left.
You didn't know any spells.
Your spell library was empty.

Dungeon Overview and Level Annotations

Branches:
Dungeon (3/15) Zot: 15852

Altars:


Innate Abilities, Weirdness & Mutations

You regain HP and MP as you explore.


Message History

Press: ? - help, Dir - move target, f - quokka
Aim: a quokka (about 46% to evade your hands)
You hit the quokka.
You kill the quokka!
Trog accepts your kill. The bat completely misses you.
The gnoll barely misses you.
Attack: -) Nothing wielded
Press: ? - help, Dir - move target, f - gnoll
Aim: a gnoll, wielding a +0 whip (severely wounded, about 32% to evade your hands)
You closely miss the gnoll. Your punch misses the gnoll.
The bat barely misses you. The bat hits you but does no damage.
Attack: -) Nothing wielded
Press: ? - help, Dir - move target, f/p - gnoll
Aim: a gnoll, wielding a +0 whip (severely wounded, about 32% to evade your hands)
You punch the gnoll!
You kill the gnoll!
Trog accepts your kill. The bat misses you.
You have reached level 5!
You regained 7 hp, and now have 43/61 hp.
Attack: -) Nothing wielded
Press: ? - help, Dir - move target, f - bat
Aim: a bat (about 49% to evade your hands)
You punch the bat!
You kill the bat!
Trog accepts your kill.
Attack: -) Nothing wielded
Press: ? - help, Dir - move target, f - gnoll
Aim: a gnoll, wielding a +0 whip (about 32% to evade your hands)
You completely miss the gnoll.
Attack: -) Nothing wielded
Press: ? - help, Dir - move target, f/p - gnoll
Aim: a gnoll, wielding a +0 whip (about 32% to evade your hands)
You punch the gnoll!
You kill the gnoll!
Trog accepts your kill.
Attack: -) Nothing wielded
Press: ? - help, Dir - move target, f - you That would be overly suicidal.
Okay, then.
Attack: -) Nothing wielded
Press: ? - help, Dir - move target, f - you
Okay, then.
You see here a +0 whip.
You feel a strong urge to attack something.
The gnoll hits you with a +0 flail.
You see here a +0 whip.
You take 5 damage, and have 39/61 hp.
Attack: -) Nothing wielded
Press: ? - help, Dir - move target, f - gnoll
Aim: a gnoll, wielding a +0 flail and wearing a +0 scale mail (about 29% to evade your hands)
You hit the gnoll. The gnoll hits you with a +0 flail!
You take 11 damage, and have 28/61 hp.
You now have 2/5 mp.
Attack: -) Nothing wielded
Press: ? - help, Dir - move target, f/p - gnoll
Aim: a gnoll, wielding a +0 flail and wearing a +0 scale mail (heavily wounded, about 29% to evade your hands)
You hit the gnoll. Your punch misses the gnoll.
Attack: -) Nothing wielded
Press: ? - help, Dir - move target, f/p - gnoll
Aim: a gnoll, wielding a +0 flail and wearing a +0 scale mail (severely wounded, about 29% to evade your hands)
You hit the gnoll but do no damage. You punch the gnoll.
You kill the gnoll!
Trog accepts your kill.
Attack: -) Nothing wielded
Press: ? - help, Dir - move target, f - you That would be overly suicidal.
Okay, then.
You start resting.
You feel a strong urge to attack something.
You start resting.
You are no longer berserk.
You are exhausted.
You feel yourself slow down.
You now have 19/41 hp.
You start resting.
A gnoll comes into view. It is wielding a +2 whip of venom.
A gnoll is nearby!
A gnoll is nearby!
A gnoll is nearby!
Things that are here:
a +0 flail; a +0 scale mail; a gnoll corpse You regained 4 hp, and now have 24/41 hp.
The gnoll hits you with a +2 whip of venom.
You are poisoned.
You take 4 damage, and have 20/41 hp.
You hit the gnoll but do no damage.
You feel sick.
The gnoll hits you with a +2 whip of venom.
You are more poisoned.
The gnoll hits you with a +2 whip of venom!
* * * LOW HITPOINT WARNING * * *
You are more poisoned.
You take 12 damage, and have 8/41 hp.
MASSIVE DAMAGE!!
You now have 1/5 mp.
You barely miss the gnoll.
* * * LOW HITPOINT WARNING * * *
You feel extremely sick. The gnoll closely misses you.
You take 6 damage, and have 2/41 hp.
It was a potion of attraction.
You feel attractive to monsters.
You die...

###.#.#.##.............#
#######.....#####.######.#†#
........#.### #.# #.#.#
#######.#.#### #.# #.#.#
#......####.# #.#.#
#.....).....# #.#.#
#.#.##)###### #.#.#
...#.##)# .. .# ##..#.##@#
#<.#.##g....!..
#..#......##### #..######...
#.. .... #.### .# ..


You could see a gnoll.

Vanquished Creatures
  3 gnolls (D:3)
  An adder (D:2)
  2 ufetubi (D:3)
  6 dart slugs (D:1 D:2 D:3)
  An orc (D:3)
  6 bats (D:1 D:2 D:3)
  5 endoplasms (D:1 D:2)
  9 giant cockroaches (D:1 D:2)
  7 goblins (D:1)
  5 hobgoblins (D:1 D:2 D:3)
  3 jackals (D:3)
  3 quokkas (D:1 D:2 D:3)
  7 ball pythons (D:1 D:2 D:3)
  3 frilled lizards (D:1 D:2 D:3)
  6 kobolds (D:1 D:2)
  15 rats (D:1 D:2 D:3)
82 creatures vanquished.

Notes
Turn   | Place    | Note
-------+----------+-------------------------------------------
     0 | D:1      | Ambrosia the Human Berserker began the quest for the Orb.
     0 | D:1      | Reached XP level 1. HP: 18/18 MP: 1/1
    60 | D:1      | Reached XP level 2. HP: 14/24 MP: 2/2
   460 | D:1      | Reached XP level 3. HP: 29/29 MP: 3/3
   866 | D:1      | Reached skill level 1 in Stealth
   867 | D:1      | Reached ** piety under Trog
   917 | D:1      | Found a faded altar of an unknown god.
  1107 | D:2      | Reached XP level 4. HP: 35/35 MP: 4/4
  1211 | D:2      | Reached skill level 3 in Dodging
  1871 | D:3      | HP: 26/52 [ufetubus (2)]
  2112 | D:3      | Reached XP level 5. HP: 41/41 MP: 3/5
  2112 | D:3      | Reached *** piety under Trog
  2117 | D:3      | HP: 28/61 [gnoll/+0 flail (11)]
  2127 | D:3      | HP: 20/41 [gnoll/+2 whip of venom (6)]
  2128 | D:3      | HP: 8/41 [gnoll/+2 whip of venom (6)]
  2129 | D:3      | HP: 2/41 [poisoned by a gnoll]
  2130 | D:3      | Succumbed to a gnoll's poison

Illustrated notes

Levels and vault maps discovered:
D:1:      dpeg_arrival_rooms_a, layout_basic,
          hellmonk_ecumenical_altar_defaced_shrine
D:2:      minmay_angry_zag, layout_basic
D:3:      layout_loops_ring, mainiacjoe_overflow_alcove_1,
          roderic_three_in_a_row

Skill      XL: |  1  2  3  4 |
---------------+-------------+-----
Stealth        | 1 |  1.8
Dodging        | 3 |  3.5
Fighting       | |  3.5
Armour         | |  2.7
Unarmed Combat | |  3.6

Action                     |  1- 3 |  4- 6 || total
---------------------------+-------+-------++-------
  Melee: Unarmed           |   125 |   124 ||   249
         Punch             |     6 |     5 ||    11
 Invoke: Berserk           |     3 |     2 ||     5
    Use: Scroll            |     3 |       ||     3
         Potion            |       |     1 ||     1
   Stab: Sleeping          |     2 |     1 ||     3
 Armour: Animal skin       |    48 |    73 ||   121
  Dodge: Dodged            |    71 |    94 ||   165

Table legend: (Time is in decaauts)
 A = Elapsed time spent in this place.
 B = Non-inter-level travel time spent in this place.
 C = Inter-level travel time spent in this place.
 D = Time resting spent in this place.
 E = Time spent auto-exploring this place.
 F = Levels seen in this place.
 G = Mean time per level.
                   A        B        C        D        E       F      G
               +--------+--------+--------+--------+--------+-----+--------+
         Total |   2147 |   2095 |     52 |    247 |   1425 |   3 |  715.7 |
       Dungeon |   2147 |   2095 |     52 |    247 |   1425 |   3 |  715.7 |
               +--------+--------+--------+--------+--------+-----+--------+

Top non-repeatable levels by time:
     D:1: 964 daAuts
     D:2: 835 daAuts
     D:3: 347 daAuts

Levels and vault maps discovered:
D:1:      dpeg_arrival_rooms_a, layout_basic,
          hellmonk_ecumenical_altar_defaced_shrine
D:2:      minmay_angry_zag, layout_basic
D:3:      layout_loops_ring, mainiacjoe_overflow_alcove_1,
          roderic_three_in_a_row

Table legend: (Time is in decaauts)
 A = Elapsed time spent in this place.
 B = Non-inter-level travel time spent in this place.
 C = Inter-level travel time spent in this place.
 D = Time resting spent in this place.
 E = Time spent auto-exploring this place.
 F = Levels seen in this place.
 G = Mean time per level.
                   A        B        C        D        E       F      G
               +--------+--------+--------+--------+--------+-----+--------+
         Total |   2147 |   2095 |     52 |    247 |   1425 |   3 |  715.7 |
       Dungeon |   2147 |   2095 |     52 |    247 |   1425 |   3 |  715.7 |
               +--------+--------+--------+--------+--------+-----+--------+

Top non-repeatable levels by time:
     D:1: 964 daAuts
     D:2: 835 daAuts
     D:3: 347 daAuts

Table legend:
 A = Kills in this place as a percentage of kills in the entire game.
 B = Kills by you in this place as a percentage of kills by you in the entire game.
 C = Kills by friends in this place as a percentage of kills by friends in the entire game.
 D = Other kills in this place as a percentage of other kills in the entire game.
 E = Experience gained in this place as a percentage of experience gained in the entire game.
 F = Experience gained in this place divided by the number of levels of this place that you have seen.
                   A       B       C       D       E      F
               +-------+-------+-------+-------+-------+----------------------
         Total | 100.0 | 100.0 |   N/A |   N/A | 100.0 |  69.7
       Dungeon | 100.0 | 100.0 |   N/A |   N/A | 100.0 |  69.7
               +-------+-------+-------+-------+-------+----------------------
